 Dungeon Crawl Stone Soup version 0.30.1-9-gdf580d7c3d (webtiles) character file.

Game seed: 10306888561764794213

17733 101zpm the Thaumaturge (level 12, -28/72 HPs)
             Began as a Djinni Fire Elementalist on Oct 22, 2023.
             Was the Champion of Okawaru.
             Killed from afar by a war gargoyle (37 damage)
             ... with a spray of metal splinters
             ... on level 12 of the Dungeon.
             The game lasted 01:18:39 (14207 turns).

101zpm the Thaumaturge (Djinni Fire Elementalist)  Turns: 14207, Time: 01:18:40

Health: -28/72     AC:  8    Str:  9    XL:     12   Next: 86%
Gold:   697        EV: 12    Int: 21    God:    Okawaru [******] SH:  0 Dex: 15

rFire   + + .        P - +7 demon blade of the Desolation of Salt {vamp, Str+2}
rCold   x . .        (no shield)
rNeg    . . .        s - +0 troll leather armour
rPois   ∞            (no helmet)
rElec   .            Q - +1 cloak
rCorr   .            F - +0 pair of gloves
SInv    .            (boots unavailable)
Will    +....        J - amulet of regeneration
Stlth   ++           D - ring of wizardry
HPRegen 1.92/turn    (no ring)
MPRegen 0.00/turn

%: wizardry (x1), infuse magic (-29 HP)
@: flying
A: sickness immunity, fire resistance 2, cold vulnerability 1, float, innate
caster, HP casting, extra vitality 1
a: Renounce Religion, Heroism, Finesse, Duel


You were on level 12 of the Dungeon.
You worshipped Okawaru.
Okawaru was exalted by your worship.
You visited 2 branches of the dungeon, and saw 14 of its levels.

You collected 697 gold pieces.

Inventory:

Hand Weapons
 g - the +3 dagger of Ehoxicag {pain, rN+}
   (You found it on level 4 of the Dungeon)

   rN:        It protects you from negative energy.
 O - the +4 trident of Beyond {freeze, rN++ Will- SInv Stlth-}
   (You found it on level 9 of the Dungeon)

   rN:        It greatly protects you from negative energy.
   SInv:      It lets you see invisible.
   Will:      It decreases your willpower.
   Stlth:     It makes you less stealthy.
 P - the +7 demon blade of the Desolation of Salt (weapon) {vamp, Str+2}
   (Okawaru gifted it to you on level 10 of the Dungeon)

   Str:       It affects your strength (+2).
Missiles
 c - 66 stones
 p - 15 poisoned darts
 M - 10 boomerangs
Armour
 s - a +0 troll leather armour (worn)
 F - a +0 pair of gloves (worn)
 Q - a +1 cloak (worn)
Jewellery
 m - a ring of positive energy
 D - a ring of wizardry (left hand)
 J - an amulet of regeneration (around neck)
Wands
 j - a wand of mindburst (3)
 t - a wand of digging (7)
 y - a wand of flame (9)
 z - a wand of quicksilver (6)
 G - a wand of paralysis (11)
Scrolls
 b - a scroll of poison {unknown}
 i - a scroll of identify
 l - 2 scrolls of enchant weapon
 o - a scroll of magic mapping {unknown}
 w - 2 scrolls of noise {unknown}
 C - a scroll of teleportation
 H - a scroll of brand weapon {unknown}
 K - a scroll of fog
 N - 2 scrolls of fear {unknown}
Potions
 a - a potion of berserk rage {unknown}
 d - 2 potions of magic {unknown}
 e - 3 potions of haste {unknown}
 f - a potion of resistance {unknown}
 h - a potion of heal wounds {unknown}
 k - 3 potions of curing {unknown}
 q - a potion of ambrosia {unknown}
 r - a potion of attraction {unknown}
 u - 3 potions of mutation {unknown}
 v - a potion of cancellation {unknown}
 x - 3 potions of degeneration {unknown}
 B - 3 potions of brilliance {unknown}
 E - a potion of might {unknown}
 I - a potion of flight {unknown}
 L - 2 potions of lignification {unknown}


   Skills:
 + Level 1.1 Fighting
 + Level 1.5 Long Blades
 + Level 4.6 Armour
 + Level 3.3 Dodging
 + Level 4.0 Stealth
 + Level 14.6 Spellcasting


You knew the following spells:

 Your Spells              Type           Power      Damage    Failure   Level
a - Foxfire               Conj/Fire      100%       2x1d9     0%          1
b - Scorch                Fire           100%       2d9       0%          2
c - Volatile Blastmotes   Fire/Tloc      100%       2d18      1%          3
d - Inner Flame           Hex/Fire       67%        N/A       1%          3
e - Flame Wave            Conj/Fire      67%        2d15      1%          4
f - Slow                  Hex            100%       N/A       0%          1
g - Ensorcelled Hibernat  Hex/Ice        100%       N/A       0%          2
h - Gell's Gravitas       Tloc           67%        N/A       1%          3
i - Cause Fear            Hex            33%        N/A       1%          4
j - Summon Mana Viper     Hex/Summ       67%        N/A       1%          5
Your spell library was empty.

Dungeon Overview and Level Annotations

Branches:
Dungeon (13/15)            Temple (1/1) D:5            Lair (0/5) D:10
    Orc (0/2) D:11
 Vaults: D:13-14

Altars:
Cheibriados
Dithmenos
Elyvilon
Fedhas
Gozag
Hepliaklqana
Makhleb
Nemelex Xobeh
Okawaru
Qazlal
Ru
Wu Jian
Yredelemnul
Zin
The Shining One

Shops:
D:6 [   D:8 (   D:11 (

Portals:
Bazaar: D:12
Trove: D:10 (give 2 scrolls of acquirement)

Annotations:
D:11 1 runed translucent door


Innate Abilities, Weirdness & Mutations

You are immune to sickness and miasma.
You are immune to poison.
Your flesh is very heat resistant. (rF++)
You are vulnerable to cold. (rC-)
You float through the air rather than walking.
You learn spells naturally, not from books.
Your magical power is your life essence.
You have superior vitality. (+4 MHP)


Message History

You see here a +1 mace of holy wrath.
You see here a +4 flail.
You see here a +0 mace.
A war gargoyle comes into view. It is wielding a +0 great mace.
Casting: Scorch (safe; 0% risk of failure)
Confirm with . or Enter, or press ? or * to list all spells.
Aiming: Inner Flame (safe; 1% risk of failure)
Press: ? - help, Dir - move target, f - war gargoyle
Aim: a war gargoyle, wielding a +0 great mace (chance to affect: 47%)
The war gargoyle resists with some effort.
You conjure some foxfire!
Casting: Foxfire (safe; 0% risk of failure)
Confirm with . or Enter, or press ? or * to list all spells.
Aiming: Inner Flame (safe; 1% risk of failure)
Press: ? - help, Dir - move target, f - war gargoyle
Aim: a war gargoyle, wielding a +0 great mace (ally target, chance to affect: 47%)
The war gargoyle resists with some effort.
The foxfire hits the war gargoyle.
The war gargoyle resists.
The war gargoyle is lightly damaged.
Casting: Inner Flame (safe; 1% risk of failure)
Confirm with . or Enter, or press ? or * to list all spells.
Aiming: Inner Flame (safe; 1% risk of failure)
Press: ? - help, Dir - move target, f/p - war gargoyle
Aim: a war gargoyle, wielding a +0 great mace (lightly damaged, ally target, chance to affect: 47%)
The war gargoyle is filled with an inner flame.
The war gargoyle hits you with a +0 great mace!!
Casting: Inner Flame (safe; 1% risk of failure)
Confirm with . or Enter, or press ? or * to list all spells.
A cloud of volatile blastmotes flares up around you!
The war gargoyle launches metal splinters at you.
The spray of metal splinters hits you!!
* * * LOW HITPOINT WARNING * * *
The spray of metal splinters hits your foxfire!!!
The war gargoyle attacks as you move away!
The war gargoyle hits you with a +0 great mace!
* * * LOW HITPOINT WARNING * * *
The war gargoyle launches metal splinters at you.
The spray of metal splinters hits you!!!
Ouch! That really hurt!
You die...

#....# #.. #....# #.. #...[#
#########..
#....##########........#.
##...))..................>
###...####.#######.#####.##.
#.).### #).# #.............
#.### ##)# #######.......
###.# #@# #<...... #.).# #§#
#.#..... ##.### # #9# #
#....... ##..### #9#9#.#9#9#
#######. ##..##.#
#.........# #? .>.###.#
#...........# #. #.## #.#
#...........# #. #.# #.#
#...8..<..8...# #. #.####.#
##...........## #.


You could see a war gargoyle (inner flame, catching breath).

Vanquished Creatures
  A catoblepas (D:11)
  2 two-headed ogres
  2 boulder beetles (D:12)
  An orc knight (D:11)
  An ugly thing (D:12)
  A manticore (D:11)
  A cyclops (D:7)
  An unseen horror (D:10)
  10 gargoyles
  2 trolls
  Grinder (D:5)
  3 slime creatures (D:12)
  A shadow (D:11)
  3 wraiths
  16 yaks
  3 wyverns
  6 vampire mosquitoes
  2 steam dragons (D:8)
  An acid dragon (D:10)
  A water moccasin (D:8)
  3 wargs
  An ice beast (D:6)
  4 orc warriors
  A sky beast (D:6)
  4 black bears
  6 centaurs
  A phantom (D:3)
  A kobold brigand (D:9)
  4 bullfrogs
  5 wights (D:8)
  2 water moccasin skeletons (D:4)
  5 killer bees (D:10)
  2 electric eels (D:9)
  3 jellies
  9 howler monkeys
  2 lava snakes (D:7)
  Crazy Yiuf (D:5)
  3 hounds
  9 orc priests
  3 gnoll boudas
  An iguana (D:7)
  A sleepcap (D:6)
  Terence (D:2)
  8 orc wizards
  Natasha (thrice) (D:4)
  2 hound zombies (D:4)
  10 adders
  12 gnolls
  A hound simulacrum (D:4)
  A white imp (D:5)
  A worm (D:5)
  39 orcs
  3 bats
  10 endoplasms
  6 goblins
  3 hobgoblins (D:2)
  6 kobolds
  2 quokkas
  8 ball pythons
  3 frilled lizards
  A quokka zombie (D:4)
  5 rats
255 creatures vanquished.

Vanquished Creatures (collateral kills)
  8 foxfires
8 creatures vanquished.

Vanquished Creatures (others)
  676 foxfires
676 creatures vanquished.

Grand Total: 939 creatures vanquished

Notes
Turn   | Place    | Note
-------+----------+-------------------------------------------
     0 | D:1      | 101zpm the Djinni Fire Elementalist began the quest for the
                  | Orb.
     0 | D:1      | 101zpm set off with the following spells memorised:
                  | Foxfire, Scorch, Volatile Blastmotes, Inner Flame, Flame
                  | Wave.
     0 | D:1      | Reached XP level 1. HP: 15/15 MP: 0/0
   179 | D:2      | Reached XP level 2. HP: 17/21 MP: 0/0
   593 | D:2      | Reached skill level 3 in Spellcasting
   593 | D:2      | Reached XP level 3. HP: 19/25 MP: 0/0
   593 | D:2      | Learned a level 1 spell: Slow
   635 | D:2      | Noticed Terence
   643 | D:2      | Killed Terence
   644 | D:2      | Reached XP level 4. HP: 24/31 MP: 0/0
  1142 | D:3      | Reached XP level 5. HP: 22/35 MP: 0/0
  1142 | D:3      | Learned a level 2 spell: Ensorcelled Hibernation
  1155 | D:3      | Reached skill level 4 in Spellcasting
  1273 | D:3      | Noticed a phantom
  1282 | D:3      | Killed a phantom
  1788 | D:4      | Reached XP level 6. HP: 36/40 MP: 0/0
  1816 | D:5      | Entered Level 5 of the Dungeon
  1816 | D:5      | Noticed Grinder
  1950 | D:1      | You are sucked into a shaft and drop 1 floor!
  3688 | D:4      | Noticed Natasha
  3693 | D:4      | Killed Natasha
  3694 | D:4      | Reached skill level 1 in Armour
  3694 | D:4      | Reached skill level 5 in Spellcasting
  3696 | D:4      | Reached XP level 7. HP: 28/45 MP: 0/0
  3696 | D:4      | Learned a level 3 spell: Gell's Gravitas
  3709 | D:4      | Noticed Natasha
  3714 | D:4      | Killed Natasha
  3751 | D:4      | Noticed Natasha
  3753 | D:4      | Killed Natasha
  3872 | D:4      | Identified the +3 dagger of Ehoxicag {pain, rN+}
  4084 | D:5      | Found a staircase to the Ecumenical Temple.
  4090 | Temple   | Entered the Ecumenical Temple
  4553 | Temple   | Became a worshipper of Warmaster Okawaru
  4716 | D:6      | Reached skill level 6 in Spellcasting
  4741 | D:6      | Reached XP level 8. HP: 42/50 MP: 0/0
  4843 | D:6      | Noticed a two-headed ogre
  4848 | D:6      | Killed a two-headed ogre
  4848 | D:6      | Reached * piety under Okawaru
  4849 | D:6      | Reached skill level 7 in Spellcasting
  4850 | D:6      | Reached XP level 9. HP: 46/55 MP: 0/0
  4850 | D:6      | Learned a level 4 spell: Cause Fear
  4945 | D:6      | Found a glowing golden altar of the Shining One.
  4987 | D:6      | Reached ** piety under Okawaru
  5126 | D:6      | Found Eryext's Antique Armour Emporium.
  5130 | D:6      | Reached skill level 8 in Spellcasting
  6190 | D:5      | Killed Grinder
  6190 | D:5      | Reached *** piety under Okawaru
  6191 | D:5      | Reached skill level 9 in Spellcasting
  6581 | D:5      | Found a runed translucent door.
  6582 | D:5      | Noticed Crazy Yiuf
  7163 | D:7      | Noticed a cyclops
  7168 | D:7      | Killed a cyclops
  7169 | D:7      | Reached XP level 10. HP: 21/60 MP: 0/0
  7562 | D:8      | Reached skill level 10 in Spellcasting
  7789 | D:8      | Reached **** piety under Okawaru
  7844 | D:8      | Found Rotryehina's Antique Weapon Emporium.
  7875 | D:8      | Received a gift from Okawaru
  8031 | D:8      | Found an opulent altar of Gozag.
  9127 | D:9      | Reached skill level 11 in Spellcasting
  9623 | D:9      | Identified the +4 trident of Beyond {freeze, rN++ Will-
                  | SInv Stlth-}
  9648 | D:9      | Found a basalt altar of Yredelemnul.
  9770 | D:9      | Found a stormy altar of Qazlal.
  9928 | D:10     | Entered Level 10 of the Dungeon
 10522 | D:8      | Reached XP level 11. HP: 57/65 MP: 0/0
 10522 | D:8      | Learned a level 5 spell: Summon Mana Viper
 10610 | D:10     | Reached skill level 12 in Spellcasting
 10684 | D:10     | Reached ***** piety under Okawaru
 11071 | D:10     | Found a sacrificial altar of Ru.
 11082 | D:10     | Found a staircase to the Lair.
 11198 | D:10     | Identified the +7 demon blade of the Desolation of Salt
                  | {vamp, Str+2} (Okawaru gifted it to you on level 10 of the
                  | Dungeon)
 11198 | D:10     | Received a gift from Okawaru
 11426 | D:10     | Found a portal to a secret trove of treasure.
 12096 | D:5      | Killed Crazy Yiuf
 12369 | D:11     | Noticed a manticore
 12376 | D:11     | Killed a manticore
 12377 | D:11     | Noticed a two-headed ogre
 12381 | D:11     | Reached skill level 13 in Spellcasting
 12383 | D:11     | Killed a two-headed ogre
 12384 | D:11     | Reached skill level 1 in Long Blades
 12470 | D:11     | Noticed a catoblepas
 12487 | D:11     | Killed a catoblepas
 12487 | D:11     | Received a gift from Okawaru
 12488 | D:11     | Reached XP level 12. HP: 49/71 MP: 0/0
 12537 | D:11     | Found a runed translucent door.
 12693 | D:11     | Found a staircase to the Orcish Mines.
 12694 | D:11     | Found Zuore's Weapon Shoppe.
 13081 | D:11     | Noticed a fire giant
 13251 | D:12     | Noticed a boulder beetle
 13272 | D:12     | Killed a boulder beetle
 13273 | D:12     | Reached skill level 1 in Fighting
 13307 | D:12     | Noticed a boulder beetle
 13328 | D:12     | Killed a boulder beetle
 13348 | D:12     | Reached skill level 14 in Spellcasting
 13614 | D:12     | Found a gateway to a bazaar.
 13646 | D:12     | Identified the +2 buckler of the Gloaming {Harm Rampage rC-
                  | MP+9}
 13797 | D:13     | Noticed a centaur warrior
 13891 | D:12     | Identified the +8 chain mail of the Beekeeper {rC+++ Str+4
                  | Int-3 Dex+3} (Okawaru gifted it to you on level 12 of the
                  | Dungeon)
 13891 | D:12     | Received a gift from Okawaru
 14063 | D:12     | Reached ****** piety under Okawaru
 14201 | D:12     | Noticed a war gargoyle
 14207 | D:12     | Killed from afar by a war gargoyle

Illustrated notes

Levels and vault maps discovered:
D:1:      lemuel_arrival_behind_the_door_large, layout_basic, serial_glass,
          glass_columns_a, glass_columns_c, minmay_3d_cube
D:2:      layout_loops_corners, basic_altar, dreamdust_princess_bridge,
          uniq_terence
D:3:      layout_basic, led_xom_imps, minitemple,
          shapermc_ecumenical_altar_pompeii
D:4:      cheibrodos_quashed, layout_cave_pools, dilly_guarded_unrand_morg
D:5:      layout_basic, temple_fountains, uniq_grinder, uniq_crazy_yiuf_cottage
D:6:      layout_gridville, kennysheep_mini_moat, serial_shops, shop,
          chequers_serial_rivers_micro_a
D:7:      layout_basic, grunt_decor_junction, chequers_jeans
D:8:      layout_basic, grunt_gozag_statues, kennysheep_small_circle
D:9:      layout_basic, mainiacjoe_overflow_alcove_2, kennysheep_mini
D:10:     layout_basic, lemuel_tele_altar, erik_lair_orcish_takeover,
          enter_bailey_5, trove_entry_hex_spiral
D:11:     layout_roguey, orc_david_3, serial_aquarium, aquarium_bridge_square
          [aquarium_subvault_bridge, aquarium_subvault_window,
          aquarium_subvault_window, aquarium_subvault_balcony],
          aquarium_bridge_straight [aquarium_subvault_bridge,
          aquarium_subvault_wall, aquarium_subvault_bridge,
          aquarium_subvault_window], aquarium_window_fake, aquarium_window_3,
          aquarium_window_corner, aquarium_window_1, aquarium_view_2d,
          aquarium_view_2d, minivault_13
D:12:     gargoyle_guard, layout_basic, serial_shops, bzr_entry_water
D:13:     layout_layer_cave, serial_demonic, serial_demonic_a, serial_demonic_g,
          serial_demonic_g, serial_demonic_e, serial_demonic_b,
          serial_demonic_g, serial_demonic_c, serial_demonic_d
Temple:   minmay_temple_forest_path

Skill      XL: |  1  2  3  4  5  6  7  8  9 10 11 12 |
---------------+-------------------------------------+-----
Spellcasting   | 3 4 5 6 7 9 11 13 14 | 14.6
Stealth        | 2 3 4 |  4.0
Armour         | 1 2 3 4 |  4.6
Dodging        | 3 |  3.3
Long Blades    | 1 |  1.5
Fighting       | 1 |  1.1

Action                     |  1- 3 |  4- 6 |  7- 9 | 10-12 || total
---------------------------+-------+-------+-------+-------++-------
  Melee: Demon blade       |       |       |       |    17 ||    17
   Cast: Foxfire           |    35 |    88 |   126 |   183 ||   432
         Scorch            |    10 |    21 |    24 |   106 ||   161
         Inner Flame       |     1 |    37 |    42 |   138 ||   218
         Slow              |     1 |     4 |     2 |     9 ||    16
         Volatile Blastmot |       |     8 |     1 |    43 ||    52
         Ensorcelled Hiber |       |     1 |     1 |     6 ||     8
         Gell's Gravitas   |       |       |     8 |    47 ||    55
         Cause Fear        |       |       |     2 |     2 ||     4
  Evoke: Wand              |       |       |       |     1 ||     1
    Use: Scroll            |       |     7 |       |     4 ||    11
 Armour: Robe              |     1 |       |       |       ||     1
         Leather armour    |       |     3 |     1 |     7 ||    11
         Troll leather arm |       |       |       |     6 ||     6
  Dodge: Dodged            |     3 |     8 |     7 |    45 ||    63
